 Dungeon Crawl Stone Soup version 0.32-a0-834-geaf45d8e21 (console) character file.

Game seed: 4332273603450042154

3581 petzl the Fighter (level 10, -1/78 (93) HPs)
             Began as a Formicid Delver on Mar 26, 2024.
             Was a Priest of Vehumet.
             Succumbed to an orc warrior's poison
             ... on level 10 of the Dungeon.
             The game lasted 00:45:08 (8193 turns).

petzl the Fighter (Formicid Delver)                 Turns: 8193, Time: 00:45:09

HP:   -1/78 (93)    AC:  9    Str: 16    XL:     10   Next: 31%
MP:   28/28         EV: 12    Int: 21    God:    Vehumet [***...]
Gold: 185           SH:  0    Dex: 15    Spells: 18/21 levels left

rFire   + + .        b - +0 sling
rCold   + . .        (no shield)
rNeg    . . .        p - +3 leather armour of Shielding {Int+3}
rPois   +            (helmet unavailable)
rElec   +            (no cloak)
rCorr   +            k - +2 pair of gloves "Huups" {rElec Int+3}
SInv    +            (no boots)
Will    +....        (no amulet)
Stlth   +++          g - ring of magical power
HPRegen 0.33/turn    n - ring of protection from fire
MPRegen 0.21/turn

%: no passive effects
@: lethally poisoned (-1 -> -11), resistant, heavily drained
A: permanent stasis, dig shafts and tunnels, antennae 3, four strong arms
a: Dig, Shaft Self, Renounce Religion


You were on level 10 of the Dungeon.
You worshipped Vehumet.
Vehumet was most pleased with you.
You visited 2 branches of the dungeon, and saw 13 of its levels.
You also visited: Bailey.

You collected 284 gold pieces.
You spent 99 gold pieces at shops.

Inventory:

Hand Weapons
 a - the +9 whip of Wariness {drain, SInv}
   (You took it off an orc on level 4 of the Dungeon)

   SInv:      It lets you see invisible.
 b - a +0 sling (weapon)
 c - a +2 dagger of venom {!f =f}
 d - the +9 spear of Kismet {flame, ^Drain rC+ Str+7, !f =f}
   (You found it on level 7 of the Dungeon)

   Str+7:     It affects your strength (+7).
   rC+:       It protects you from cold.
   ^Drain:    It drains your maximum health when unequipped.
 i - a +2 whip of electrocution
 m - a +2 halberd of electrocution
 v - a +0 short sword of venom
 z - a +0 spear of venom {!f =f}
Missiles
 h - 3 throwing nets
 o - 22 poisoned darts
 x - 5 curare-tipped darts
Armour
 k - the +2 pair of gloves "Huups" (worn) {rElec Int+3}
   (You acquired it on level 9 of the Dungeon)

   Int+3:     It affects your intelligence (+3).
   rElec:     It insulates you from electricity.
 p - the +3 leather armour of Shielding (worn) {Int+3}
   (You found it on level 3 of the Dungeon)

   Int+3:     It affects your intelligence (+3).
Jewellery
 g - a ring of magical power (left hand)
 n - a ring of protection from fire (right hand)
 I - a ring of protection from cold
Wands
 f - a wand of digging (3)
 B - a wand of polymorph (9)
 C - a wand of warping (6)
Scrolls
 e - a scroll of fear
 r - a scroll of enchant weapon
 t - a scroll of poison
 u - a scroll of torment
 w - 2 scrolls of fog
 A - a scroll of immolation
Potions
 j - a potion of attraction {unknown}
 s - 3 potions of might
 E - a potion of brilliance
 G - a potion of mutation {unknown}
 H - a potion of cancellation
 J - a potion of ambrosia {unknown}


   Skills:
 + Level 13.9 Fighting
 - Level 2.0 Maces & Flails
 - Level 3.8 Ranged Weapons
 - Level 4.0 Dodging
 - Level 6.0 Stealth
 + Level 6.0 Spellcasting
 + Level 3.4 Conjurations
 + Level 3.2 Fire Magic
 + Level 2.7 Air Magic


You had 18 spell levels left.
You knew the following spells:

 Your Spells              Type           Power      Damage    Failure   Level
a - Shock                 Conj/Air       76%        1d7       1%          1
b - Scorch                Fire           40%        2d6       1%          2

Your spell library contained the following spells:

 Spells                   Type           Power      Damage    Failure   Level
 Stone Arrow              Conj/Erth      26%        3d8       5%          3
 Call Imp                 Summ           12%        N/A       19%         2
 Sublimation of Blood     Necr           6%         N/A       19%         2
 Summon Hydra             Summ           3%         N/A       100%        7


Dungeon Overview and Level Annotations

Branches:
Dungeon (12/15)            Temple (1/1) D:4            Lair (0/5) D:8
 Bailey (visited)
    Orc: D:9-12

Altars:
Ashenzari
Cheibriados
Dithmenos
Fedhas
Gozag
Kikubaaqudgha
Makhleb
Nemelex Xobeh
Okawaru
Qazlal
Ru
Sif Muna
Trog
Uskayaw
Vehumet
Wu Jian
Zin

Shops:
D:2 !

Annotations:
D:2 exclusion: downstairs
D:4 exclusion: downstairs
D:5 Edmund
D:7 exclusions: downstairs and sleepcap, Joseph
D:8 Erica
D:9 exclusions: 2 downstairs and 2 sensed monsters (detected), Maurice
D:11 exclusions: downstairs, gargoyle, orc and orc priest


Innate Abilities, Weirdness & Mutations

You cannot be hasted, slowed, berserked, paralysed or teleported.
You can dig through walls and to a lower floor.
You have a pair of large antennae on your head. (SInv)
Your four strong arms can wield two-handed weapons with a shield.


Message History

* * * LOW HITPOINT WARNING * * *
You are more poisoned.
A shaft appears beneath you!
You fall into a shaft and drop 2 floors!
The shaft crumbles and collapses.
* * * LOW HITPOINT WARNING * * *
You feel extremely sick.
You feel much better.
You feel extremely sick.
Unknown command.
It was a potion of brilliance.
You feel clever all of a sudden.
* * * LOW HITPOINT WARNING * * *
You feel extremely sick.
Unknown command.
Okay, then.
Okay, then.
Unknown command.
Okay, then.
Unknown command.
It was a potion of cancellation.
Your magical effects are unravelling.
You feel magically purged.
You feel a little less clever now.
* * * LOW HITPOINT WARNING * * *
You feel very sick.
It was a potion of magic.
Magic courses through your body.
* * * LOW HITPOINT WARNING * * *
You feel very sick.
It was a potion of experience.
You feel more experienced!
Your Fighting skill gained 8 levels and is now at level 13!
You have reached level 10!
* * * LOW HITPOINT WARNING * * *
You feel very sick.
Unknown command.
Unknown command.
It was a potion of resistance.
You feel protected.
You die...

#..# #..#
#..#######
#.<.......
..####..#######
.............#
#.#####..####.#
##.##.#####..#
.............#
##.##.######.#
# #.# #.#. #.#.
#.#.# >...
#.###..##
......###{
#.....# #.@..#
##.###
.#####.#######
.......<.....#
....D..####.#o#
#####... { ##.#
{ #.# #. .. ##


There were no monsters in sight!

Vanquished Creatures
  An orc knight (Bailey)
  A black bear (D:4)
  3 wolves (D:8)
  A kobold brigand (D:9)
  2 bullfrogs (D:6)
  3 electric eels (D:8)
  2 howler monkeys (D:8)
  A jelly (D:8)
  2 orc priests
  A gnoll bouda (D:4)
  4 hounds
  2 orc wizards
  Natasha (thrice) (D:4)
  Robin (D:3)
  15 gnolls
  6 adders
  A shadow imp (D:7)
  2 ufetubi (D:7)
  A dart slug (D:2)
  2 ribbon worms (D:4)
  22 orcs
  8 ball pythons
  A bat (D:2)
  5 endoplasms
  14 giant cockroaches
  16 goblins
  11 hobgoblins
  11 kobolds
  A quokka (D:1)
  3 frilled lizards (D:3)
  5 rats
151 creatures vanquished.

Notes
Turn   | Place    | Note
-------+----------+-------------------------------------------
     0 | D:5      | petzl the Formicid Delver began the quest for the Orb.
     0 | D:5      | Reached XP level 1. HP: 18/18 MP: 1/1
     5 | D:6      | Noticed a bullfrog
    12 | D:6      | Killed a bullfrog
    13 | D:6      | Reached XP level 2. HP: 7/24 MP: 1/6
    13 | D:6      | Reached XP level 3. HP: 8/29 MP: 1/8
    13 | D:6      | Reached XP level 4. HP: 10/35 MP: 1/9
   134 | D:4      | Noticed a black bear
   463 | D:4      | Found a staircase to the Ecumenical Temple.
   472 | Temple   | Entered the Ecumenical Temple
   497 | Temple   | Became a worshipper of Vehumet
   569 | D:3      | Reached XP level 5. HP: 41/41 MP: 11/11
   723 | D:2      | Found Uhary's Distillery.
   731 | D:2      | Bought a potion of degeneration for 11 gold pieces
   731 | D:2      | Bought a potion of curing for 33 gold pieces
  1026 | D:1      | Reached * piety under Vehumet
  1026 | D:1      | Offered knowledge of Shock by Vehumet.
  1082 | D:1      | Learned a level 1 spell: Shock
  1588 | D:2      | Found a sacrificial altar of Ru.
  2051 | D:2      | Bought a potion of heal wounds for 55 gold pieces
  2511 | D:3      | Noticed Robin
  2530 | D:3      | Killed Robin
  2531 | D:3      | Reached XP level 6. HP: 24/48 MP: 12/12
  2764 | D:3      | Identified the +3 leather armour of Shielding {Int+3}
  2789 | D:2      | Reached skill level 1 in Ranged Weapons
  2911 | D:2      | You fall into a shaft and drop 2 floors!
  3114 | D:2      | Reached ** piety under Vehumet
  3114 | D:2      | Offered knowledge of Foxfire by Vehumet.
  3204 | D:3      | Reached skill level 1 in Conjurations
  3903 | D:4      | Reached skill level 4 in Fighting
  3906 | D:3      | Found an ornate altar of the Wu Jian Council.
  3906 | D:3      | Found an opulent altar of Gozag.
  3907 | D:3      | Found an iron altar of Okawaru.
  3907 | D:3      | Found a stormy altar of Qazlal.
  4028 | D:3      | Found a shimmering blue altar of Sif Muna.
  4034 | D:3      | Found a bloodstained altar of Trog.
  4068 | D:3      | Offered knowledge of Scorch by Vehumet.
  4139 | D:3      | Learned a level 2 spell: Scorch
  4437 | D:4      | Noticed Natasha
  4444 | D:4      | Killed Natasha
  4594 | D:4      | Noticed Natasha
  4603 | D:4      | Killed Natasha
  4706 | D:4      | Found a staircase to the Ecumenical Temple.
  4723 | D:4      | Killed a black bear
  4724 | D:4      | Reached XP level 7. HP: 37/54 MP: 14/14
  4915 | D:4      | Noticed Natasha
  4920 | D:4      | Killed Natasha
  5013 | D:5      | Reached skill level 5 in Spellcasting
  5028 | D:5      | Identified the +9 whip of Wariness {drain, SInv}
  5042 | D:4      | Reached skill level 1 in Fire Magic
  5192 | D:5      | Found a broken altar of Ashenzari.
  5221 | D:5      | Noticed Edmund
  5252 | D:4      | Reached skill level 1 in Air Magic
  5280 | D:5      | Noticed a water moccasin
  5310 | D:5      | You fall into a shaft and drop 2 floors!
  5458 | D:7      | Noticed Joseph
  5461 | D:7      | Found a flagged portal.
  5471 | D:7      | Identified the +9 spear of Kismet {flame, ^Drain rC+ Str+7}
  5522 | Bailey   | Entered a bailey
  5765 | Bailey   | Reached *** piety under Vehumet
  5918 | Bailey   | Noticed an orc knight
  5922 | Bailey   | Reached XP level 8. HP: 43/59 MP: 15/15
  5930 | Bailey   | Killed an orc knight
  5930 | Bailey   | Offered knowledge of Stone Arrow by Vehumet.
  5931 | Bailey   | Reached skill level 5 in Fighting
  6337 | D:8      | Noticed a troll
  6874 | D:8      | Reached XP level 9. HP: 65/68 MP: 17/17
  7070 | D:8      | Found a staircase to the Lair.
  7324 | D:8      | Noticed Erica
  7326 | D:8      | HP: 2/68 [troll (3)]
  7327 | D:8      | You fall into a shaft and drop 3 floors!
  7544 | D:11     | Noticed a gargoyle
  7692 | D:10     | Entered Level 10 of the Dungeon
  7730 | D:9      | Found a snail-covered altar of Cheibriados.
  7732 | D:9      | Found a hide-covered altar of Uskayaw.
  7817 | D:8      | You fall into a shaft and drop 2 floors!
  7912 | D:10     | Noticed a gargoyle
  7926 | D:9      | Noticed Maurice
  8076 | D:9      | Identified a scroll of acquirement
  8078 | D:9      | Acquired the +2 pair of gloves "Huups" {rElec Int+3}
  8143 | D:9      | Noticed a hornet
  8187 | D:8      | You fall into a shaft and drop 2 floors!
  8192 | D:10     | Reached skill level 13 in Fighting
  8192 | D:10     | Reached XP level 10. HP: 5/78 MP: 19/19
  8192 | D:10     | HP: 2/78 [poisoned by an orc warrior]
  8193 | D:10     | Succumbed to an orc warrior's poison

Illustrated notes

Levels and vault maps discovered:
D:1:      dpeg_arrival_stonehenge_8_columns, layout_basic
D:2:      minmay_roachtagon, layout_rooms, basic_altar, serial_shops, shop,
          st_stairs_11
D:3:      layout_basic, hellmonk_overflow_destroyed_library,
          chequers_temple_overflow_statue_of_worship, uniq_robin
D:4:      layout_loops_ring, minmay_temple_entry_large_hall, uniq_natasha
D:5:      layout_rooms, lemuel_doored_altar, ashenzari_conservatory_becter,
          uniq_edmund
D:6:      layout_cave_pools, kennysheep_generic_room_12, uniq_sigmund,
          uniq_duvessa
D:7:      layout_gridville, enter_bailey_2, nicolae_wooded_promenade,
          minmay_checkerbox, uniq_joseph, uniq_pikel
D:8:      layout_loops_corners, erik_lair_island, kennysheep_generic_room_3,
          uniq_erica
D:9:      layout_basic, regret_index_xom_of_box,
          mainiacjoe_overflow_catwalk_spiral,
          gammafunk_temple_overflow_forgotten, uniq_maurice
D:10:     layout_loops_ring, gammafunk_ghost_spectres
D:11:     layout_long_grid, hiddenorc1_lemuel, minmay_shattered_shrine
D:12:     layout_long_grid, serial_library, serial_library_regret_index_headful,
          serial_library_hellmonk_open_cross, serial_library_regret_index_multi,
          serial_library_hellmonk_layered_room,
          serial_library_regret_index_small_wings,
          serial_library_hellmonk_angled_corner,
          serial_library_hellmonk_reading_circle,
          serial_library_regret_index_multi, feat_on_display, uniq_psyche
Temple:   hellmonk_temple_beads

Skill      XL: |  1  2  3  4  5  6  7  8  9 |
---------------+----------------------------+-----
Spellcasting   | 3 4 5 6 |  6.0
Dodging        | 2 3 4 |  4.0
Ranged Weapons | 1 2 3 |  3.8
Conjurations   | 1 2 3 |  3.4
Fighting       | 4 5 13 | 13.9
Fire Magic     | 1 2 3 |  3.2
Air Magic      | 1 2 |  2.7
Maces & Flails | |  2.0
Stealth        | |  6.0

Action                     |  1- 3 |  4- 6 |  7- 9 | 10-12 || total
---------------------------+-------+-------+-------+-------++-------
  Melee: Mace              |     7 |    95 |       |       ||   102
         Spear             |       |   103 |   135 |       ||   238
         Long sword        |       |    12 |       |       ||    12
         Whip              |       |       |    14 |       ||    14
   Fire: Sling             |       |   168 |    21 |       ||   189
  Throw: Dart              |       |     4 |       |       ||     4
   Cast: Shock             |       |     9 |       |       ||     9
Ability: Dig               |       |     2 |       |       ||     2
         Shaft Self        |       |     1 |     4 |       ||     5
  Evoke: Wand              |       |       |    10 |       ||    10
    Use: Scroll            |       |     5 |     5 |       ||    10
         Potion            |       |       |    15 |     1 ||    16
   Stab: Sleeping          |     1 |     2 |     9 |       ||    12
         Distracted        |       |       |     1 |       ||     1
 Armour: Leather armour    |     8 |   187 |   126 |       ||   321
  Dodge: Dodged            |     3 |   186 |    92 |       ||   281

Table legend: (Time is in decaauts)
 A = Elapsed time spent in this place.
 B = Non-inter-level travel time spent in this place.
 C = Inter-level travel time spent in this place.
 D = Time resting spent in this place.
 E = Time spent auto-exploring this place.
 F = Levels seen in this place.
 G = Mean time per level.
                   A        B        C        D        E       F      G
               +--------+--------+--------+--------+--------+-----+--------+
         Total |   8314 |   7839 |    475 |   2515 |   2382 |  14 |  593.9 |
       Dungeon |   7540 |   7114 |    426 |   2110 |   2321 |  12 |  628.3 |
        Temple |    147 |     98 |     49 |     94 |      0 |   1 |  147.0 |
        Bailey |    627 |    627 |      0 |    311 |     61 |   1 |  627.0 |
               +--------+--------+--------+--------+--------+-----+--------+

Top non-repeatable levels by time:
     D:4: 1680 daAuts
     D:2: 1173 daAuts
     D:1: 1083 daAuts
     D:8: 823 daAuts
     D:3: 808 daAuts
  Bailey: 627 daAuts
     D:7: 514 daAuts
     D:5: 501 daAuts
    D:11: 374 daAuts
     D:9: 348 daAuts
  Temple: 147 daAuts
    D:10: 116 daAuts
     D:6: 114 daAuts
    D:12: 1 daAuts
